 Dungeon Crawl Stone Soup version 0.22-a0-3-g4fa69d9 (webtiles) character file.

5643 sagitran the Cleaver (level 10, 0/88 HPs)
             Began as a Hill Orc Fighter on Dec 31, 2017.
             Was a Priest of Beogh.
             Slain by a two-headed ogre
             ... wielding a +0 giant spiked club
              (6 damage)
             ... on level 9 of the Dungeon on Jan 1, 2018.
             The game lasted 00:32:43 (8456 turns).

sagitran the Cleaver (Hill Orc Fighter)             Turns: 8456, Time: 00:32:44

Health: 0/88       AC: 14    Str: 21    XL:     10   Next: 74%
Magic:  10/10      EV: 11    Int:  8    God:    Beogh [***...]
Gold:   418        SH: 11    Dex: 12    Spells: 9/9 levels left

rFire    + . .     SeeInvis .   w - +0 broad axe
rCold    . . .     Gourm    +   c - +0 shield
rNeg     . . .     Faith    .   k - +4 ring mail {rF+}
rPois    .         Spirit   .   y - +2 hat
rElec    .         Reflect  .   (no cloak)
rCorr    .         Harm     .   (no gloves)
MR       +....                  m - +0 pair of boots
Stlth    +.........             p - amulet of the gourmand
HPRegen  0.24/turn              x - ring of protection from magic
MPRegen  0.12/turn              l - ring of flight

@: no status effects
A: no striking features
a: Smiting, Renounce Religion, Evoke Flight


You were on level 9 of the Dungeon.
You worshipped Beogh.
Beogh was most pleased with you.
You were completely stuffed.

You visited 2 branches of the dungeon, and saw 10 of its levels.

You collected 418 gold pieces.

Inventory:

Hand Weapons
 a - a +0 war axe
 d - a +0 flail of protection
 t - a +1 mace of draining
 u - a +6 dire flail of crushing
 w - a +0 broad axe (weapon)
 C - a +2 dagger of venom
 E - a +3 trident of piercing
Missiles
 h - 15 tomahawks (quivered)
 F - 8 javelins
Armour
 b - a +0 scale mail
 c - a +0 shield (worn)
 g - a +0 scale mail
 k - a +4 ring mail of fire resistance (worn)
 m - a +0 pair of boots (worn)
 y - a +2 hat (worn)
 z - a +0 plate armour
 L - a +0 helmet
Magical Staves
 R - an uncursed staff of wizardry {unknown}
Jewellery
 l - a ring of flight (right hand)
 o - an uncursed ring of see invisible
 p - an amulet of the gourmand (around neck)
 s - an uncursed amulet of harm {unknown}
 x - a ring of protection from magic (left hand)
 A - an uncursed amulet of magic regeneration {unknown}
 D - an uncursed amulet of regeneration {unknown}
 H - an uncursed ring of stealth {unknown}
 I - a +2 ring of intelligence {unknown}
 T - a +3 ring of protection {unknown}
Wands
 B - a wand of random effects (16)
 O - a wand of digging (13)
 Q - a wand of polymorph (3)
Scrolls
 e - 2 scrolls of teleportation
 i - a scroll of blinking
 n - 2 scrolls of remove curse
 q - 2 scrolls of fog {unknown}
 r - 4 scrolls of magic mapping {unknown}
 G - a scroll of enchant armour {unknown}
 M - a scroll of identify
 N - a scroll of brand weapon {unknown}
 S - a scroll of fear {unknown}
 U - a scroll of amnesia {unknown}
Potions
 j - 7 potions of flight
 v - a potion of cancellation
 J - 2 potions of curing
 P - 2 potions of invisibility
Comestibles
 f - 9 rations
 K - 5 chunks of flesh


   Skills:
 + Level 8.0 Fighting
 + Level 12.7 Axes
 + Level 1.5 Throwing
 + Level 7.7 Armour
 + Level 3.6 Dodging
 + Level 0.7 Stealth
 + Level 8.2 Shields
 + Level 0.3 Evocations


You had 9 spell levels left.
You didn't know any spells.

Dungeon Overview and Level Annotations

Branches:
Dungeon (9/15)             Temple (1/1) D:7
   Lair: D:8-11         Orc: D:9-12

Altars:
Kikubaaqudgha
Nemelex Xobeh
Ru
Uskayaw
Xom
The Shining One

Shops:
D:7 [(*[


Message History

You block the two-headed ogre's attack. The two-headed ogre closely misses you.
You barely miss the two-headed ogre. You slash the two-headed ogre!
The two-headed ogre is moderately wounded.
The two-headed ogre hits you with a giant spiked club!!
The two-headed ogre barely misses you.
You slash the two-headed ogre!
The two-headed ogre is heavily wounded.
The two-headed ogre hits you with a giant spiked club!
The two-headed ogre hits you with a giant club!
* * * LOW HITPOINT WARNING * * *
Evoke which item? (* to show all) (? for menu, Esc to quit)
Aiming: Random Effects
Press: ? - help, Shift-Dir - straight line, f - two-headed ogre
Aim: a two-headed ogre, wielding a giant spiked club and a giant club (heavily wounded)
The two-headed ogre easily resists.
The two-headed ogre hits you with a giant spiked club!
* * * LOW HITPOINT WARNING * * *
The two-headed ogre hits you with a giant club.
You die...

####### ......# ..... . ...
.. #.#####...
########........ .
........@...#####.#
#######..O....>....
##..s........
##############.#.........
##.....##.....#.#.........
##...............#.........
#................#.........
#................#.........
#................#.........


You could see a two-headed ogre and a scorpion.

Vanquished Creatures
  A two-headed ogre (D:8)
  A hippogriff (D:9)
  A wraith (D:7)
  Eustachio (D:5)
  Edmund (D:4)
  A black bear (D:9)
  3 ice beasts
  A sky beast (D:9)
  2 orc warriors
  4 necrophages
  3 ogres
  2 phantoms
  6 centaurs
  Blork the orc (D:5)
  A big kobold (D:7)
  4 bullfrogs
  12 killer bees
  7 howler monkeys
  3 bullfrog zombies
  A centaur zombie (D:8)
  4 crimson imps
  A gnoll shaman (D:8)
  A jelly (D:6)
  A bullfrog skeleton (D:8)
  A centaur skeleton (D:8)
  6 human zombies (D:7)
  An orc priest (D:7)
  5 hounds
  5 orc wizards
  3 iguanas
  3 worker ants
  An ogre zombie (D:7)
  A hound skeleton (D:7)
  A worker ant zombie (D:8)
  5 gnolls
  A howler monkey skeleton (D:6)
  9 adders
  2 shadow imps
  2 oozes
  An adder skeleton (D:4)
  A worm (D:3)
  4 leopard geckos
  23 orcs
  3 ball pythons
  9 bats
  A giant cockroach (D:6)
  9 hobgoblins
  19 jackals
  5 quokkas
  3 frilled lizards
  7 goblins
  11 kobolds
  A leopard gecko skeleton (D:6)
  A leopard gecko zombie (D:5)
  An orc skeleton (D:7)
  An orc zombie (D:7)
  A quokka zombie (D:5)
  7 rats
217 creatures vanquished.

Vanquished Creatures (others)
  An orc priest (D:6)
  An orc (D:6)
2 creatures vanquished.

Grand Total: 219 creatures vanquished

Notes
Turn   | Place    | Note
-------+----------+-------------------------------------------
     0 | D:1      | sagitran the Hill Orc Fighter began the quest for the Orb.
     0 | D:1      | Reached XP level 1. HP: 19/19 MP: 1/1
    77 | D:1      | Reached XP level 2. HP: 22/27 MP: 2/2
   286 | D:1      | Reached skill level 3 in Axes
   362 | D:1      | Reached XP level 3. HP: 32/33 MP: 3/3
  1220 | D:3      | Noticed an ice beast
  1231 | D:3      | Killed an ice beast
  1231 | D:3      | Reached skill level 4 in Axes
  1231 | D:3      | Reached XP level 4. HP: 29/40 MP: 4/4
  1231 | D:3      | Reached XP level 5. HP: 33/46 MP: 5/5
  1759 | D:3      | Found a sparkling altar of Nemelex Xobeh.
  2019 | D:4      | Reached skill level 5 in Axes
  2079 | D:4      | Noticed Edmund
  2102 | D:4      | Killed Edmund
  2102 | D:4      | Reached XP level 6. HP: 21/53 MP: 6/6
  2476 | D:4      | Noticed an ice beast
  2483 | D:4      | Killed an ice beast
  2483 | D:4      | Reached skill level 6 in Axes
  2483 | D:4      | Reached skill level 5 in Armour
  2483 | D:4      | Reached skill level 1 in Dodging
  2483 | D:4      | Reached XP level 7. HP: 45/60 MP: 7/7
  2975 | D:5      | Entered Level 5 of the Dungeon
  2975 | D:5      | Noticed Eustachio
  3120 | D:5      | Killed Eustachio
  3120 | D:5      | Reached skill level 7 in Axes
  3124 | D:5      | Reached skill level 5 in Shields
  3149 | D:5      | Reached skill level 1 in Throwing
  3149 | D:5      | Reached XP level 8. HP: 67/67 MP: 8/8
  3182 | D:5      | Noticed Blork the orc
  3188 | D:5      | Killed Blork the orc
  3188 | D:5      | Reached skill level 5 in Fighting
  3232 | D:5      | Found a hide-covered altar of Uskayaw.
  3232 | D:5      | Found a glowing golden altar of the Shining One.
  3362 | D:5      | Reached skill level 8 in Axes
  3529 | D:5      | Found a sacrificial altar of Ru.
  3582 | D:5      | Found a shimmering altar of Xom.
  4205 | D:6      | Became a worshipper of Beogh the Brigand
  4343 | D:6      | Reached skill level 9 in Axes
  4821 | D:6      | Reached XP level 9. HP: 74/74 MP: 9/9
  5392 | D:7      | Found a staircase to the Ecumenical Temple.
  5417 | Temple   | Entered the Ecumenical Temple
  5429 | D:7      | Found Wachaliu's Armour Shop.
  5446 | D:7      | Upgraded the game from 0.22-a0 to 0.22-a0-3-g4fa69d9
  5466 | D:7      | Reached skill level 10 in Axes
  5589 | D:7      | Found Fiosk's Antique Weapon Emporium.
  5600 | D:7      | Found Kusac's Antique Armour Shoppe.
  5616 | D:7      | Reached * piety under Beogh
  5661 | D:7      | Found Ukiusm Moela's General Store.
  6281 | D:7      | HP: 5/117 [poisoned by a killer bee]
  6286 | D:7      | HP: 2/117 [poisoned by a killer bee]
  6292 | D:7      | HP: 1/117 [poisoned by a killer bee]
  6765 | D:7      | Found an ancient bone altar of Kikubaaqudgha.
  6780 | D:7      | Reached skill level 11 in Axes
  6810 | D:7      | Reached ** piety under Beogh
  6962 | D:7      | Reached XP level 10. HP: 79/84 MP: 10/10
  6997 | D:8      | Noticed a two-headed ogre
  7213 | D:8      | Killed a two-headed ogre
  7290 | D:8      | Reached skill level 12 in Axes
  8171 | D:9      | Reached *** piety under Beogh
  8444 | D:9      | Noticed a two-headed ogre
  8456 | D:9      | Slain by a two-headed ogre

Vault maps used:
D:1:      lemuel_arrival_muddy
D:3:      lemuel_crystal_altar
D:4:      uniq_edmund
D:5:      xom_butterflies, nicolae_overflow_crystal_walls,
          gammafunk_temple_overflow_wave, first_ration, kennysheep_boxes,
          uniq_eustachio, uniq_blork_the_orc
D:7:      lemuel_mausoleum_altar_kikubaaqudgha, minmay_temple_entry_butterflies,
          serial_shops, nicolae_shop_behind_doors, shop,
          nicolae_shop_behind_doors, nicolae_shop_window_shopping
Temple:   regret_index_temple_sphere_string

Skill      XL: |  1  2  3  4  5  6  7  8  9 10 |
---------------+-------------------------------+-----
Axes           | 3 4 5 6 7 9 11 12 | 12.7
Fighting       | 4 5 6 8 |  8.0
Armour         | 4 5 6 7 |  7.7
Shields        | 4 5 7 8 |  8.2
Dodging        | 1 2 3 |  3.6
Throwing       | 1 |  1.5
Stealth        | |  0.7
Evocations     | |  0.3

Action                   |  1- 3 |  4- 6 |  7- 9 | 10-12 || total
-------------------------+-------+-------+-------+-------++-------
Melee: War axe           |    73 |   105 |     5 |       ||   183
       Broad axe         |       |       |   476 |   165 ||   641
Throw: Tomahawk          |       |       |    17 |       ||    17
Invok: Convert to Beogh  |       |       |     1 |       ||     1
Evoke: Wand              |       |       |     7 |     1 ||     8
  Use: Scroll            |     2 |       |     8 |     1 ||    11
       Potion            |       |     5 |     9 |       ||    14
  Eat: Chunk             |     1 |     4 |    21 |     7 ||    33
       Ration            |       |       |     1 |       ||     1
Armor: Scale mail        |    63 |    52 |   158 |     8 ||   281
       Skin              |       |     5 |    42 |       ||    47
       Ring mail         |       |       |       |    64 ||    64
Dodge: Dodged            |    37 |    36 |   143 |    74 ||   290
Block: Shield            |    68 |    73 |   285 |   121 ||   547

Table legend:
 A = Spawn XP
 B = Non-spawn XP
 C = Spawn XP percentage of total XP
 D = Spawn monster count
 E = Non-spawn monster count
 F = Spawn count percentage of total count
 G = Total turns spent on level
                    A         B        C        D         E        F      G
               +---------+---------+-------+---------+---------+-------+---------
         Total |       0 |    8062 |   0.0 |       0 |     217 |   0.0 |  8456
               +---------+---------+-------+---------+---------+-------+---------
           D:1 |       0 |      41 |   0.0 |       0 |      24 |   0.0 |   631
           D:2 |       0 |      17 |   0.0 |       0 |      10 |   0.0 |   577
           D:3 |       0 |     204 |   0.0 |       0 |      33 |   0.0 |   798
           D:4 |       0 |     595 |   0.0 |       0 |       9 |   0.0 |  1019
           D:5 |       0 |     880 |   0.0 |       0 |      15 |   0.0 |  1019
           D:6 |       0 |    1083 |   0.0 |       0 |      39 |   0.0 |  1374
           D:7 |       0 |    2066 |   0.0 |       0 |      46 |   0.0 |  1586
           D:8 |       0 |    1812 |   0.0 |       0 |      20 |   0.0 |   973
           D:9 |       0 |    1364 |   0.0 |       0 |      21 |   0.0 |   475
               +---------+---------+-------+---------+---------+-------+---------
